AoeStats
← PomPom

Arabia

513550664Analyzed
1v1 RM · 6d ago on Oct 14, 2026· 34m 42s· 2 players
Game mode
Random Map
Map size
Tiny (2 player)
Population
200
Speed
Normal
Resources
Standard
Victory
Conquest
Starting age
Dark Age
Ending age
Imperial Age
RankedLock teamsTeams togetherTeam positionsShared explorationLock speedFull tech treeHidden civsTurbo modeCheats
Victory
Defeat
🇻🇳 Berbers · Vietnam
1811
+20
vs
🇧🇷 Bohemians · Brazil
1904
-20
PomPom
6:43 Loom
9:20 Feudal Age
11:15 Double-Bit Axe
17:21 Fletching
18:05 Padded Archer Armor
20:34 Gold Mining
23:00 Castle Age
21:11 Horse Collar
23:07 Elite Skirmisher
23:43 Bodkin Arrow
23:59 Bow Saw
24:22 Scale Barding Armor
24:28 Bloodlines
27:12 Husbandry
28:01 Chain Barding Armor
28:12 Forging
30:51 Wheelbarrow
30:45 Heavy Plow
33:35 Iron Casting
se7e
6:28 Loom
9:21 Feudal Age
9:26 Man-at-Arms
11:10 Double-Bit Axe
16:17 Padded Archer Armor
16:10 Fletching
22:04 Castle Age
21:16 Horse Collar
21:38 Padded Archer Armor
22:07 Elite Skirmisher
22:43 Bodkin Arrow
24:08 Bow Saw
24:52 Leather Archer Armor
25:34 Crossbowman
28:43 Wheelbarrow
30:14 Ballistics
30:08 Clinker Construction
31:40 Chemistry
Connection lost

Rejoining the realm…

Still unreachable

The connection could not be restored.

Session expired

The server has moved on; the page needs a fresh start.